Map: Abyssal Reef LE

Players

SamuraiFunn

  • Race: Protoss Protoss
  • Spawn Location: 11:00

A.I. 1 (Harder) - Winner!

  • Race: Protoss Protoss
  • Spawn Location: 5:00

VOD

Have the link to the VOD?

Description

Time

  • Played on: Oct. 29, 2017, 4:03 p.m.
  • Length: 6:52
Show
View Real Time Build Order
Export as new Build Order

SamuraiFunn Protoss 

Build Orders:  

Get SALT Encoding   

  12  0:01  Probe (Chrono Boost)  
  13  0:12  Probe (Chrono Boost)  
  14  0:19  Pylon  
  14  0:22  Probe (Chrono Boost)  
  15  0:33  Assimilator  
  15  0:38  Probe (Chrono Boost)  
  16  0:45  Gateway  
  17  0:50  Probe (Chrono Boost)  
  17  1:00  Probe (Chrono Boost)  
  18  1:11  Probe (Chrono Boost)  
  19  1:28  Forge  
  19  1:34  Pylon, Zealot  
  19  1:39  Probe (Chrono Boost)  
  22  1:49  Cybernetics Core  
  22  1:56  Probe (Chrono Boost)  
  23  2:06  Assimilator  
  23  2:10  Probe (Chrono Boost)  
  23  2:11  Zealot  
  26  2:23  Gateway  
  26  2:27  Probe (Chrono Boost), Pylon  
  27  2:38  Adept  
  29  2:50  Pylon  
  29  3:03  Nexus  
  29  3:06  Adept  
  31  3:16  Stargate  
  31  3:21  Probe (Chrono Boost)  
  32  3:31  Probe (Chrono Boost)  
  32  3:32  Adept  
  35  3:39  Sentry  
  37  3:47  Assimilator  
  37  3:52  Assimilator  
  37  3:56  Pylon  
  37  3:59  Probe (Chrono Boost)  
  37  4:01  Adept  
  40  4:10  Probe (Chrono Boost)  
  41  4:22  Protoss Air Weapons Level 1  
  41  4:28  Probe (Chrono Boost)  
  42  4:39  Probe (Chrono Boost)  
  42  4:40  Probe (Chrono Boost)  
  42  4:44  Adept x2  
  48  4:48  Protoss Ground Weapons Level 1  
  48  5:08  Probe x2 (Chrono Boost)  
  48  5:11  Adept  
  48  5:12  Void Ray, Adept  
  58  5:23  Probe (Chrono Boost)  
  58  5:26  Probe (Chrono Boost)  
  60  5:51  Pylon  
  60  5:53  Nexus  
  60  6:02  Pylon  
  60  6:05  Probe x2 (Chrono Boost)  
  60  6:08  Zealot x2  
  66  6:19  Stargate  
  66  6:20  Stargate  
  66  6:23  Gateway  
Show
View Real Time Build Order
Export as new Build Order

A.I. 1 (Harder) Protoss - Winner!

Build Orders:  

Get SALT Encoding   

  12  0:01  Probe (Chrono Boost)  
  13  0:11  Probe (Chrono Boost)  
  14  0:20  Pylon  
  14  0:22  Probe (Chrono Boost)  
  15  0:38  Probe (Chrono Boost)  
  16  0:47  Assimilator  
  16  0:49  Probe (Chrono Boost)  
  17  0:50  Gateway  
  17  0:59  Probe (Chrono Boost)  
  17  1:01  Pylon  
  18  1:10  Probe (Chrono Boost)  
  19  1:21  Probe (Chrono Boost)  
  20  1:36  Zealot  
  20  1:42  Cybernetics Core  
  20  1:44  Gateway  
  22  1:47  Assimilator  
  22  2:04  Pylon  
  22  2:16  Stalker  
  22  2:19  Warp Gate  
  24  2:30  Zealot  
  26  2:45  Zealot  
  28  2:54  Pylon  
  28  2:56  Stalker  
  30  3:10  Stalker  
  32  3:24  Stalker  
  34  3:31  Pylon  
  34  3:40  Stalker  
  36  3:43  Probe (Chrono Boost)  
  37  3:52  Stalker  
  40  3:55  Probe (Chrono Boost)  
  40  4:02  Forge  
  40  4:07  Probe (Chrono Boost)  
  40  4:08  Adept  
  43  4:19  Probe (Chrono Boost)  
  43  4:22  Pylon  
  44  4:30  Probe (Chrono Boost)  
  45  4:31  Stalker  
  47  4:41  Probe (Chrono Boost)  
  47  4:43  Adept  
  50  5:55  Sentry  
  52  5:58  Gateway  
  52  6:02  Robotics Facility  
  52  6:03  Stalker  
  54  6:07  Nexus, Twilight Council  
  54  6:08  Photon Cannon  
  54  6:10  Photon Cannon, Pylon  
  54  6:16  Stalker  
  56  6:24  Sentry  
  54  6:38  Adept  
  56  6:47  Stalker  
Tags
 
Matchup
PvP
Replay Pack
First 100 games
Spawn Locations
Cross Positions
Add a new tag
Caveats
  • Supply blocks, unpowered buildings, or Contaminate may cause inaccurate times.
  • Supply counts are checked every 10 seconds.